TOP OF THE 1ST |
Corpus Christi Hooks batting - Pitching for Birmingham Barons : LHP Chris Morales
|
Pitching: LHP Chris Morales
|
|
Batting: RHB Edgar Trejo
|
0-0: Foul Ball, location: 2F 0-1: Foul Ball, location: 2F 0-2: DOUBLE (Line Drive, 78D, EV 101.2 MPH)
|
Batting: LHB Bob Dietz
|
0-0: Ball 1-0: Fly out, F6 (Line Drive, 6, EV 63.8 MPH)
|
Batting: RHB Chris Trites
|
0-0: Called Strike 0-1: Foul Ball, location: 2F 0-2: Foul Ball, location: 2F 0-2: Foul Ball, location: 2F 0-2: SINGLE (Line Drive, 8LS, EV 91.2 MPH) Edgar Trejo to third Runner from 3rd tries for Home, SAFE, throw by CF to home Chris Trites to second
|
Batting: RHB Elijah Hunter
|
0-0: Ball 1-0: Ball 2-0: Ball 3-0: Base on Balls
|
Batting: RHB Masaru Konno
|
0-0: Called Strike 0-1: Ball 1-1: Ball 2-1: Ball 3-1: Swinging Strike 3-2: Foul Ball, location: 2F 3-2: Foul Ball, location: 2F 3-2: Strikes out swinging
|
Batting: RHB Duncan Collins
|
0-0: Called Strike 0-1: Ball 1-1: Foul Ball, location: 2F 1-2: Strikes out looking
|
Top of the 1st over - 1 run, 2 hits, 0 errors, 2 left on base; Corpus Christi 1 - Birmingham 0 |
BOTTOM OF THE 1ST |
Birmingham Barons batting - Pitching for Corpus Christi Hooks : RHP Angel Cerros
|
Pitching: RHP Angel Cerros
|
|
Batting: LHB Dalton Silveira
|
0-0: Ball 1-0: Fly out, F7 (Flyball, 78S, EV 88.8 MPH)
|
Batting: SHB Veit Geisler
|
0-0: Ball 1-0: SINGLE (Line Drive, 56D, EV 96.9 MPH)
|
Batting: RHB Vic Lucatero
|
0-0: SINGLE (Groundball, 34S, EV 91.2 MPH) (infield hit) Veit Geisler to second
|
Batting: LHB Jason Bell
|
0-0: Foul Ball, location: 2F 0-1: Swinging Strike 0-2: Ball 1-2: DOUBLE (Line Drive, 78XD, EV 111.9 MPH) Veit Geisler scores Vic Lucatero to third
|
Batting: LHB Larry Myers
|
0-0: Ball 1-0: Swinging Strike 1-1: Ball 2-1: Called Strike 2-2: Ball 3-2: Fly out, F7 (Line Drive, 7, EV 108.8 MPH)
|
Batting: RHB Jose Medina
|
0-0: Ball 1-0: Ball 2-0: Ball 3-0: Called Strike 3-1: Base on Balls
|
Batting: LHB Matt Hyde
|
0-0: Ball 1-0: Called Strike 1-1: Swinging Strike 1-2: Strikes out swinging
|
Bottom of the 1st over - 1 run, 3 hits, 0 errors, 3 left on base; Corpus Christi 1 - Birmingham 1 |
TOP OF THE 2ND |
Corpus Christi Hooks batting - Pitching for Birmingham Barons : LHP Chris Morales
|
Batting: RHB Bryan Peterson
|
0-0: Called Strike 0-1: Ground out 6-3 (Groundball, 56, EV 86.2 MPH)
|
Batting: RHB Alex Campos
|
0-0: Ball 1-0: Ball 2-0: Swinging Strike 2-1: Foul Ball, location: 2F 2-2: Ball 3-2: Foul Ball, location: 2F 3-2: Strikes out swinging
|
Batting: RHB Cameron Rattenbury
|
0-0: Called Strike 0-1: Swinging Strike 0-2: Ball 1-2: Strikes out swinging
|
Top of the 2nd over - 0 runs, 0 hits, 0 errors, 0 left on base; Corpus Christi 1 - Birmingham 1 |
BOTTOM OF THE 2ND |
Birmingham Barons batting - Pitching for Corpus Christi Hooks : RHP Angel Cerros
|
Batting: SHB Matt Childers
|
0-0: Ball 1-0: Called Strike 1-1: Ball 2-1: DOUBLE (Line Drive, 89M, EV 96.2 MPH)
|
Batting: RHB Trevor Conklin
|
0-0: Called Strike 0-1: Foul Ball, location: 2F 0-2: Ball 1-2: Strikes out swinging
|
Batting: LHB Dalton Silveira
|
0-0: Ball 1-0: Foul Ball, location: 2F 1-1: Ball 2-1: Ball 3-1: Foul Ball, location: 2F 3-2: Foul Ball, location: 2F 3-2: Base on Balls
|
Batting: SHB Veit Geisler
|
0-0: Called Strike 0-1: Ball 1-1: Swinging Strike 1-2: Ball 2-2: Foul Ball, location: 2F 2-2: Foul Ball, location: 2F 2-2: Foul Ball, location: 2F 2-2: Fly out, F9 (Flyball, 9, EV 84.4 MPH)
|
Batting: RHB Vic Lucatero
|
0-0: Called Strike 0-1: Called Strike 0-2: Ball 1-2: Ball 2-2: Ground out 1-3 (Groundball, 15S, EV 70.0 MPH)
|
Bottom of the 2nd over - 0 runs, 1 hit, 0 errors, 2 left on base; Corpus Christi 1 - Birmingham 1 |
TOP OF THE 3RD |
Corpus Christi Hooks batting - Pitching for Birmingham Barons : LHP Chris Morales
|
Batting: RHB Edgar Trejo
|
0-0: Fly out, F9 (Flyball, 89S, EV 97.5 MPH)
|
Batting: LHB Bob Dietz
|
0-0: Fly out, F7 (Flyball, 7LS, EV 80.0 MPH)
|
Batting: RHB Chris Trites
|
0-0: Ball 1-0: Ball 2-0: Foul Ball, location: 2F 2-1: Swinging Strike 2-2: Ball 3-2: Strikes out swinging
|
Top of the 3rd over - 0 runs, 0 hits, 0 errors, 0 left on base; Corpus Christi 1 - Birmingham 1 |
BOTTOM OF THE 3RD |
Birmingham Barons batting - Pitching for Corpus Christi Hooks : RHP Angel Cerros
|
Batting: LHB Jason Bell
|
0-0: Called Strike 0-1: Swinging Strike 0-2: Foul Ball, location: 2F 0-2: Ball 1-2: Ball 2-2: Ground out 6-3 (Groundball, 4M, EV 105.0 MPH)
|
Batting: LHB Larry Myers
|
0-0: Called Strike 0-1: Ball 1-1: Swinging Strike 1-2: Ball 2-2: Strikes out swinging
|
Batting: RHB Jose Medina
|
0-0: Called Strike 0-1: Ball 1-1: Ball 2-1: Swinging Strike 2-2: Strikes out swinging
|
Bottom of the 3rd over - 0 runs, 0 hits, 0 errors, 0 left on base; Corpus Christi 1 - Birmingham 1 |
TOP OF THE 4TH |
Corpus Christi Hooks batting - Pitching for Birmingham Barons : LHP Chris Morales
|
Batting: RHB Elijah Hunter
|
0-0: Called Strike 0-1: Ground out 6-3 (Groundball, 6, EV 83.8 MPH)
|
Batting: RHB Masaru Konno
|
0-0: Ball 1-0: Called Strike 1-1: Foul Ball, location: 2F 1-2: Foul Ball, location: 2F 1-2: Fly out, F8 (Flyball, 89D, EV 93.1 MPH)
|
Batting: RHB Duncan Collins
|
0-0: Called Strike 0-1: Ball 1-1: Fly out, F7 (Flyball, 7, EV 85.0 MPH)
|
Top of the 4th over - 0 runs, 0 hits, 0 errors, 0 left on base; Corpus Christi 1 - Birmingham 1 |
BOTTOM OF THE 4TH |
Birmingham Barons batting - Pitching for Corpus Christi Hooks : RHP Angel Cerros
|
Batting: LHB Matt Hyde
|
0-0: Ball 1-0: SINGLE (Line Drive, 56, EV 94.4 MPH)
|
Batting: SHB Matt Childers
|
0-0: Called Strike 0-1: Fly out, F9 (Flyball, 9D, EV 84.4 MPH)
|
Batting: RHB Trevor Conklin
|
0-0: Ball 1-0: Ball 2-0: Grounds into double play, 5-4-3 (Groundball, 56S, EV 79.4 MPH)
|
Bottom of the 4th over - 0 runs, 1 hit, 0 errors, 0 left on base; Corpus Christi 1 - Birmingham 1 |
TOP OF THE 5TH |
Corpus Christi Hooks batting - Pitching for Birmingham Barons : LHP Chris Morales
|
Batting: RHB Bryan Peterson
|
0-0: Called Strike 0-1: Ball 1-1: Ball 2-1: Called Strike 2-2: Ball 3-2: Ground out 5-3 (Groundball, 5, EV 89.4 MPH)
|
Batting: RHB Alex Campos
|
0-0: Ball 1-0: Called Strike 1-1: Ground out 5-3 (Groundball, 5L, EV 80.6 MPH)
|
Batting: RHB Cameron Rattenbury
|
0-0: Foul Ball, location: 2F 0-1: Ball 1-1: Ball 2-1: Ground out 6-3 (Groundball, 6, EV 84.4 MPH)
|
Top of the 5th over - 0 runs, 0 hits, 0 errors, 0 left on base; Corpus Christi 1 - Birmingham 1 |
BOTTOM OF THE 5TH |
Birmingham Barons batting - Pitching for Corpus Christi Hooks : RHP Angel Cerros
|
Batting: LHB Dalton Silveira
|
0-0: Ball 1-0: SOLO HOME RUN (Line Drive, 9D, EV 99.4 MPH), Distance : 401 ft
|
Batting: SHB Veit Geisler
|
0-0: Ball 1-0: Ball 2-0: Ball 3-0: Base on Balls
|
Batting: RHB Vic Lucatero
|
0-0: Ball 1-0: Ball 2-0: Ball 3-0: Fly out, F8 (Flyball, 8RD, EV 100.6 MPH)
|
Batting: LHB Jason Bell
|
0-0: Ball 1-0: Ball Veit Geisler steals 2nd base 2-0: Ground out 6-3 (Groundball, 6S, EV 76.9 MPH) Veit Geisler to third
|
Batting: LHB Larry Myers
|
0-0: DOUBLE (Line Drive, 7LM, EV 102.5 MPH) Veit Geisler scores
|
Batting: RHB Jose Medina
|
0-0: Ball 1-0: Reached on error, E3 (Groundball, 34, EV 81.2 MPH) Larry Myers to third
|
Batting: LHB Matt Hyde
|
0-0: SINGLE (Groundball, 15S, EV 68.8 MPH) (infield hit) Larry Myers scores Jose Medina to second
|
Batting: SHB Matt Childers
|
0-0: Called Strike 0-1: Ball 1-1: Ball 2-1: Called Strike 2-2: Foul Ball, location: 2F 2-2: Ball 3-2: Strikes out swinging
|
Bottom of the 5th over - 3 runs, 3 hits, 1 error, 2 left on base; Corpus Christi 1 - Birmingham 4 |
TOP OF THE 6TH |
Corpus Christi Hooks batting - Pitching for Birmingham Barons : LHP Chris Morales
|
Batting: RHB Edgar Trejo
|
0-0: Ball 1-0: Ball 2-0: Called Strike 2-1: Foul Ball, location: 2F 2-2: Ground out 4-3 (Groundball, 4, EV 106.9 MPH)
|
Batting: LHB Bob Dietz
|
0-0: Ball 1-0: Called Strike 1-1: Foul Ball, location: 2F 1-2: Ball 2-2: Strikes out swinging
|
Batting: RHB Chris Trites
|
0-0: Ball 1-0: Foul Ball, location: 2F 1-1: Called Strike 1-2: Strikes out swinging
|
Top of the 6th over - 0 runs, 0 hits, 0 errors, 0 left on base; Corpus Christi 1 - Birmingham 4 |
BOTTOM OF THE 6TH |
Birmingham Barons batting - Pitching for Corpus Christi Hooks : RHP Angel Cerros
|
Batting: RHB Trevor Conklin
|
0-0: Foul Ball, location: 2F 0-1: Ball 1-1: Called Strike 1-2: Strikes out swinging
|
Pitching: RHP Zack Evans
|
|
Batting: LHB Dalton Silveira
|
0-0: Called Strike 0-1: Ball 1-1: Called Strike 1-2: Foul Ball, location: 2F 1-2: Ball 2-2: Ball 3-2: Foul Ball, location: 2F 3-2: Base on Balls
|
Batting: SHB Veit Geisler
|
0-0: Ball 1-0: Called Strike 1-1: Ball 2-1: Ball 3-1: Base on Balls Dalton Silveira to second
|
Batting: RHB Vic Lucatero
|
0-0: Ball 1-0: Foul Ball, location: 2F 1-1: Ball 2-1: Called Strike 2-2: Strikes out swinging
|
Batting: LHB Jason Bell
|
0-0: Ball 1-0: Ball 2-0: Foul Ball, location: 2F 2-1: Ball 3-1: Base on Balls Dalton Silveira to third Veit Geisler to second
|
Batting: LHB Larry Myers
|
0-0: Ball 1-0: Ball 2-0: Ball 3-0: Called Strike 3-1: Base on Balls Dalton Silveira scores Veit Geisler to third Jason Bell to second
|
Batting: RHB Jose Medina
|
0-0: Swinging Strike 0-1: Foul Ball, location: 2F 0-2: Ball 1-2: Ball 2-2: Foul Ball, location: 2F 2-2: SINGLE (Groundball, 56D, EV 102.5 MPH) Veit Geisler scores Jason Bell to third Larry Myers to second Runner from 3rd tries for Home, SAFE, throw by LF to home Larry Myers to third Jose Medina to second
|
Pitching: RHP Jayson Campbell
|
|
Batting: LHB Matt Hyde
|
0-0: Called Strike 0-1: Ground out 5-3 (Groundball, 56, EV 105.0 MPH)
|
Bottom of the 6th over - 3 runs, 1 hit, 0 errors, 2 left on base; Corpus Christi 1 - Birmingham 7 |
TOP OF THE 7TH |
Corpus Christi Hooks batting - Pitching for Birmingham Barons : LHP Chris Morales
|
Batting: RHB Elijah Hunter
|
0-0: Called Strike 0-1: Ball 1-1: Ground out 5-3 (Groundball, 56, EV 107.5 MPH)
|
Batting: RHB Masaru Konno
|
0-0: Ball 1-0: Swinging Strike 1-1: Ground out 6-3 (Groundball, 6, EV 100.6 MPH)
|
Batting: RHB Duncan Collins
|
0-0: Ball 1-0: Foul Ball, location: 2F 1-1: Hit by Pitch
|
Batting: RHB Bryan Peterson
|
0-0: Foul Ball, location: 2F 0-1: Foul Ball, location: 2F 0-2: Ball 1-2: Ball 2-2: Strikes out swinging, 2-3 out at first.
|
Top of the 7th over - 0 runs, 0 hits, 0 errors, 1 left on base; Corpus Christi 1 - Birmingham 7 |
BOTTOM OF THE 7TH |
Birmingham Barons batting - Pitching for Corpus Christi Hooks : RHP Jayson Campbell
|
Batting: SHB Matt Childers
|
0-0: Ball 1-0: Called Strike 1-1: Ball 2-1: Foul Ball, location: 2F 2-2: Foul Ball, location: 2F 2-2: Ground out 6-3 (Groundball, 6, EV 101.9 MPH)
|
Batting: RHB Trevor Conklin
|
0-0: Ball 1-0: Ball 2-0: Called Strike 2-1: Ground out 5-3 (Groundball, 56S, EV 86.9 MPH)
|
Batting: LHB Dalton Silveira
|
0-0: Called Strike 0-1: Ground out 5-3 (Groundball, 56, EV 103.8 MPH)
|
Bottom of the 7th over - 0 runs, 0 hits, 0 errors, 0 left on base; Corpus Christi 1 - Birmingham 7 |
TOP OF THE 8TH |
Corpus Christi Hooks batting - Pitching for Birmingham Barons : LHP Chris Morales
|
Pitching: RHP Toyotoshi Matsui
|
|
Batting: RHB Alex Campos
|
0-0: Ball 1-0: Called Strike 1-1: Ball 2-1: SINGLE (Groundball, 56D, EV 100.0 MPH)
|
Batting: RHB Cameron Rattenbury
|
0-0: Fly out, F9 (Line Drive, 9D, EV 103.1 MPH)
|
Batting: RHB Edgar Trejo
|
0-0: Fly out, F6 (Popup, 6MS, EV 73.1 MPH)
|
Batting: LHB Bob Dietz
|
0-0: Fly out, F5 (Line Drive, 5L, EV 66.9 MPH)
|
Top of the 8th over - 0 runs, 1 hit, 0 errors, 1 left on base; Corpus Christi 1 - Birmingham 7 |
BOTTOM OF THE 8TH |
Birmingham Barons batting - Pitching for Corpus Christi Hooks : RHP Jayson Campbell
|
Batting: SHB Veit Geisler
|
0-0: Ball 1-0: Called Strike 1-1: Foul Ball, location: 2F 1-2: Strikes out swinging
|
Batting: RHB Vic Lucatero
|
0-0: Foul Ball, location: 2F 0-1: Ball 1-1: Ball 2-1: Ball 3-1: Base on Balls
|
Batting: LHB Jason Bell
|
0-0: Ball 1-0: Foul Ball, location: 2F 1-1: Foul Ball, location: 2F 1-2: Foul Ball, location: 2F 1-2: Strikes out swinging
|
Batting: LHB Larry Myers
|
0-0: Called Strike 0-1: Called Strike 0-2: Strikes out swinging
|
Bottom of the 8th over - 0 runs, 0 hits, 0 errors, 1 left on base; Corpus Christi 1 - Birmingham 7 |
TOP OF THE 9TH |
Corpus Christi Hooks batting - Pitching for Birmingham Barons : RHP Toyotoshi Matsui
|
Batting: RHB Chris Trites
|
0-0: Ball 1-0: Ball 2-0: Foul Ball, location: 2F 2-1: Ground out 6-3 (Groundball, 56D, EV 105.0 MPH)
|
Batting: RHB Elijah Hunter
|
0-0: Ball 1-0: Foul Ball, location: 2F 1-1: Ball 2-1: Ball 3-1: Base on Balls
|
Batting: RHB Masaru Konno
|
0-0: Foul Ball, location: 2F 0-1: Fielders Choice at 2nd, 5-4 (Groundball, 56, EV 103.1 MPH)
|
Batting: RHB Duncan Collins
|
0-0: Fly out, F7 (Flyball, 7D, EV 88.8 MPH)
|
Top of the 9th over - 0 runs, 0 hits, 0 errors, 1 left on base; Corpus Christi 1 - Birmingham 7 |
|